| TOP OF THE 1ST |
|
San Francisco Giants batting - Pitching for Atlanta Braves : RHP Edwin Rivera
|
|
Pitching: RHP Edwin Rivera
|
|
|
Batting: RHB Nick Rigden
|
0-0: Called Strike 0-1: Foul Ball, location: 2F 0-2: Foul Ball, location: 2F 0-2: Ball 1-2: Strikes out swinging
|
|
Batting: SHB Ryan Doss
|
0-0: Called Strike 0-1: Ball 1-1: Fly out, F8 (Flyball, 8LM, EV 88.8 MPH)
|
|
Batting: LHB Jack Henningar
|
0-0: Ball 1-0: Swinging Strike 1-1: Ball 2-1: Foul Ball, location: 2F 2-2: DOUBLE (Line Drive, 3D, EV 98.8 MPH)
|
|
Batting: LHB Willis Robles
|
0-0: Ball 1-0: Ball 2-0: Swinging Strike 2-1: Foul Ball, location: 2F 2-2: Ball 3-2: Base on Balls
|
|
Batting: RHB Sean Zielinski
|
0-0: Fly out, F6 (Popup, 6, EV 61.9 MPH)
|
| Top of the 1st over - 0 runs, 1 hit, 0 errors, 2 left on base; San Francisco 0 - Atlanta 0 |
| BOTTOM OF THE 1ST |
|
Atlanta Braves batting - Pitching for San Francisco Giants : RHP Casey Jones
|
|
Pitching: RHP Casey Jones
|
|
|
Batting: RHB Liangde Li
|
0-0: Ball 1-0: Called Strike 1-1: Foul Ball, location: 2F 1-2: Strikes out swinging
|
|
Batting: RHB Jeckel Hester
|
0-0: Ball 1-0: Ball 2-0: SINGLE (Groundball, 4M, EV 111.9 MPH) (infield hit)
|
|
Batting: LHB Seth Cook
|
0-0: Called Strike 0-1: Grounds into double play, 5-4-3 (Groundball, 5, EV 108.1 MPH)
|
| Bottom of the 1st over - 0 runs, 1 hit, 0 errors, 0 left on base; San Francisco 0 - Atlanta 0 |
| TOP OF THE 2ND |
|
San Francisco Giants batting - Pitching for Atlanta Braves : RHP Edwin Rivera
|
|
Batting: RHB Jason May
|
0-0: Called Strike 0-1: Foul Ball, location: 2F 0-2: Strikes out swinging
|
|
Batting: RHB Ray Llewellyn
|
0-0: Called Strike 0-1: Called Strike 0-2: Foul Ball, location: 2F 0-2: Ball 1-2: Foul Ball, location: 2F 1-2: Hit by Pitch
|
|
Batting: RHB Xavier Castellanos
|
0-0: Grounds into double play, 6-4-3 (Groundball, 6, EV 93.1 MPH)
|
| Top of the 2nd over - 0 runs, 0 hits, 0 errors, 0 left on base; San Francisco 0 - Atlanta 0 |
| BOTTOM OF THE 2ND |
|
Atlanta Braves batting - Pitching for San Francisco Giants : RHP Casey Jones
|
|
Batting: RHB Butch Kaiser
|
0-0: Foul Ball, location: 2F 0-1: Ball 1-1: Ball 2-1: Swinging Strike 2-2: Foul Ball, location: 2F 2-2: Strikes out looking
|
|
Batting: LHB Colin Worthington
|
0-0: Ball 1-0: Foul Ball, location: 2F 1-1: Swinging Strike 1-2: Foul Ball, location: 2F 1-2: Strikes out swinging
|
|
Batting: LHB Tom Best
|
0-0: Ball 1-0: Foul Ball, location: 2F 1-1: Ball 2-1: Foul Ball, location: 2F 2-2: Ball 3-2: Foul Ball, location: 2F 3-2: SINGLE (Flyball, 89S, EV 85.0 MPH)
|
|
Batting: RHB Kanehisa Kubo
|
0-0: Ball 1-0: Ball 2-0: Ball 3-0: Fly out, F8 (Line Drive, 8RM, EV 85.0 MPH)
|
| Bottom of the 2nd over - 0 runs, 1 hit, 0 errors, 1 left on base; San Francisco 0 - Atlanta 0 |
| TOP OF THE 3RD |
|
San Francisco Giants batting - Pitching for Atlanta Braves : RHP Edwin Rivera
|
|
Batting: RHB Tyler Mapes
|
0-0: Called Strike 0-1: Ball 1-1: Swinging Strike 1-2: Strikes out swinging
|
|
Batting: RHB Nick Rigden
|
0-0: Ball 1-0: Ball 2-0: Called Strike 2-1: Ground out 4-3 (Groundball, 4M, EV 106.3 MPH)
|
|
Batting: SHB Ryan Doss
|
0-0: Reached on error, E3 (Groundball, 34, EV 93.1 MPH)
|
|
Batting: LHB Jack Henningar
|
0-0: Fly out, F7 (Flyball, 78M, EV 87.5 MPH)
|
| Top of the 3rd over - 0 runs, 0 hits, 1 error, 1 left on base; San Francisco 0 - Atlanta 0 |
| BOTTOM OF THE 3RD |
|
Atlanta Braves batting - Pitching for San Francisco Giants : RHP Casey Jones
|
|
Batting: LHB Otte Klijnsma
|
0-0: Ball 1-0: Ball 2-0: Called Strike 2-1: SINGLE (Groundball, 34D, EV 98.8 MPH)
|
|
Batting: RHB Itsuo Egami
|
0-0: Fly out, F8 (Flyball, 89M, EV 99.4 MPH)
|
|
Batting: RHB Liangde Li
|
0-0: Ball 1-0: Ball 2-0: Swinging Strike 2-1: Foul Ball, location: 2F 2-2: Foul Ball, location: 2F 2-2: Strikes out swinging
|
|
Batting: RHB Jeckel Hester
|
0-0: Foul Ball, location: 2F 0-1: SINGLE (Groundball, 25, EV 72.5 MPH) (infield hit) Otte Klijnsma to second
|
|
Batting: LHB Seth Cook
|
0-0: Foul Ball, location: 2F 0-1: Ground out 4-3 (Groundball, 4, EV 96.9 MPH)
|
| Bottom of the 3rd over - 0 runs, 2 hits, 0 errors, 2 left on base; San Francisco 0 - Atlanta 0 |
| TOP OF THE 4TH |
|
San Francisco Giants batting - Pitching for Atlanta Braves : RHP Edwin Rivera
|
|
Batting: LHB Willis Robles
|
0-0: Ball 1-0: Called Strike 1-1: Foul Ball, location: 2F 1-2: Foul Ball, location: 2F 1-2: Foul Ball, location: 2F 1-2: Ball 2-2: Foul Ball, location: 2F 2-2: Ball 3-2: Foul Ball, location: 2F 3-2: Base on Balls
|
|
Batting: RHB Sean Zielinski
|
0-0: Ball 1-0: Fielders Choice at 2nd, 1-4 (Groundball, 15S, EV 68.1 MPH)
|
|
Batting: RHB Jason May
|
0-0: Ball 1-0: Foul Ball, location: 2F 1-1: Ball 2-1: Foul Ball, location: 2F 2-2: Grounds out, U3 (Groundball, 3L, EV 105.6 MPH)
|
|
Batting: RHB Ray Llewellyn
|
0-0: Fly out, F9 (Flyball, 9LM, EV 72.5 MPH)
|
| Top of the 4th over - 0 runs, 0 hits, 0 errors, 1 left on base; San Francisco 0 - Atlanta 0 |
| BOTTOM OF THE 4TH |
|
Atlanta Braves batting - Pitching for San Francisco Giants : RHP Casey Jones
|
|
Batting: RHB Butch Kaiser
|
0-0: Ball 1-0: Ball 2-0: Fly out, F9 (Flyball, 89D, EV 81.3 MPH)
|
|
Batting: LHB Colin Worthington
|
0-0: Ball 1-0: Ground out 6-3 (Groundball, 6S, EV 66.9 MPH)
|
|
Batting: LHB Tom Best
|
0-0: Called Strike 0-1: Ball 1-1: Called Strike 1-2: Ground out 2-3 (Groundball, 13S, EV 75.6 MPH)
|
| Bottom of the 4th over - 0 runs, 0 hits, 0 errors, 0 left on base; San Francisco 0 - Atlanta 0 |
| TOP OF THE 5TH |
|
San Francisco Giants batting - Pitching for Atlanta Braves : RHP Edwin Rivera
|
|
Pitching: RHP Victor Munoz
|
|
|
Batting: RHB Xavier Castellanos
|
0-0: Foul Ball, location: 2F 0-1: Foul Ball, location: 2F 0-2: Foul Ball, location: 2F 0-2: Ball 1-2: Foul Ball, location: 2F 1-2: Ball 2-2: Strikes out swinging
|
|
Batting: RHB Tyler Mapes
|
0-0: Called Strike 0-1: Ball 1-1: Ground out 1-3 (Groundball, 15S, EV 68.8 MPH)
|
|
Batting: RHB Nick Rigden
|
0-0: Ball 1-0: Swinging Strike 1-1: Ball 2-1: Called Strike 2-2: Strikes out looking
|
| Top of the 5th over - 0 runs, 0 hits, 0 errors, 0 left on base; San Francisco 0 - Atlanta 0 |
| BOTTOM OF THE 5TH |
|
Atlanta Braves batting - Pitching for San Francisco Giants : RHP Casey Jones
|
|
Pitching: RHP Allen Vesey
|
|
|
Batting: RHB Kanehisa Kubo
|
0-0: Ball 1-0: Fly out, F8 (Flyball, 8LS, EV 91.3 MPH)
|
|
Batting: LHB Otte Klijnsma
|
0-0: Ball 1-0: Ball 2-0: Foul Ball, location: 2F 2-1: Ball 3-1: Called Strike 3-2: Foul Ball, location: 2F 3-2: Fly out, F7 (Line Drive, 7D, EV 95.0 MPH)
|
|
Batting: RHB Itsuo Egami
|
0-0: Called Strike 0-1: Ball 1-1: Swinging Strike 1-2: Foul Ball, location: 2F 1-2: SINGLE (Line Drive, 6MD, EV 101.3 MPH)
|
|
Batting: RHB Liangde Li
|
0-0: Swinging Strike 0-1: Ball 1-1: Ball 2-1: Ball 3-1: Base on Balls Itsuo Egami to second
|
|
Batting: RHB Jeckel Hester
|
0-0: Ball 1-0: Foul Ball, location: 2F 1-1: Ground out 5-3 (Groundball, 56, EV 100.6 MPH)
|
| Bottom of the 5th over - 0 runs, 1 hit, 0 errors, 2 left on base; San Francisco 0 - Atlanta 0 |
| TOP OF THE 6TH |
|
San Francisco Giants batting - Pitching for Atlanta Braves : RHP Victor Munoz
|
|
Batting: SHB Ryan Doss
|
0-0: Ball 1-0: Called Strike 1-1: Ball 2-1: Ball 3-1: Base on Balls
|
|
Batting: LHB Jack Henningar
|
0-0: Called Strike 0-1: Swinging Strike 0-2: Ball 1-2: SINGLE (Groundball, 34D, EV 96.3 MPH) Ryan Doss to second Runner from 2nd tries for 3rd, SAFE, throw by RF made to third
|
|
Batting: LHB Willis Robles
|
0-0: Ball 1-0: Ball 2-0: Called Strike 2-1: Called Strike 2-2: Foul Ball, location: 2F 2-2: Foul Ball, location: 2F 2-2: Foul Ball, location: 2F 2-2: Ball 3-2: Base on Balls Jack Henningar to second
|
|
Batting: RHB Sean Zielinski
|
0-0: Swinging Strike 0-1: Swinging Strike 0-2: Foul Ball, location: 2F 0-2: Strikes out looking
|
|
Batting: RHB Jason May
|
0-0: Called Strike 0-1: Fly out, F9 (Flyball, 89D, EV 94.4 MPH) Runner from 3rd tags up, SCORES, no throw by RF
|
|
Batting: RHB Ray Llewellyn
|
0-0: TRIPLE (Groundball, 3L, EV 99.4 MPH) Jack Henningar scores Willis Robles scores
|
|
Pitching: RHP Brent Garland
|
|
|
Batting: RHB Xavier Castellanos
|
0-0: Foul Ball, location: 2F 0-1: Ball 1-1: Called Strike 1-2: Strikes out swinging
|
| Top of the 6th over - 3 runs, 2 hits, 0 errors, 1 left on base; San Francisco 3 - Atlanta 0 |
| BOTTOM OF THE 6TH |
|
Atlanta Braves batting - Pitching for San Francisco Giants : RHP Allen Vesey
|
|
Batting: LHB Seth Cook
|
0-0: Called Strike 0-1: Ball 1-1: Swinging Strike 1-2: Strikes out looking
|
|
Batting: RHB Butch Kaiser
|
0-0: Ball 1-0: Foul Ball, location: 2F 1-1: Called Strike 1-2: Ball 2-2: SOLO HOME RUN (Flyball, 89XD, EV 104.4 MPH), Distance : 430 ft
|
|
Batting: LHB Colin Worthington
|
0-0: Called Strike 0-1: Swinging Strike 0-2: Ground out U3 (Groundball, 34, EV 106.3 MPH)
|
|
Batting: LHB Tom Best
|
0-0: Ball 1-0: Foul Ball, location: 2F 1-1: Reached via error on a dropped throw from SS, E3 (Groundball, 6, EV 83.8 MPH)
|
|
Batting: RHB Kanehisa Kubo
|
0-0: Ball 1-0: Swinging Strike 1-1: Ball Tom Best is caught stealing 2nd base 2-4
|
| Bottom of the 6th over - 1 run, 1 hit, 1 error, 0 left on base; San Francisco 3 - Atlanta 1 |
| TOP OF THE 7TH |
|
San Francisco Giants batting - Pitching for Atlanta Braves : RHP Brent Garland
|
|
Batting: RHB Tyler Mapes
|
0-0: Ball 1-0: Foul Ball, location: 2F 1-1: Fly out, F9 (Flyball, 9LM, EV 106.3 MPH)
|
|
Pinch Hitting: RHB Yutaka Oki
|
0-0: Called Strike 0-1: Ball 1-1: Ball 2-1: Foul Ball, location: 2F 2-2: Ball 3-2: DOUBLE (Groundball, 5L, EV 104.4 MPH)
|
|
Pinch Hitting: RHB Henri Cederberg
|
0-0: Called Strike 0-1: Fly out, F8 (Line Drive, 8LM, EV 93.1 MPH)
|
|
Batting: RHB Jim Zucco
|
0-0: Ball 1-0: Ball 2-0: Ball 3-0: Called Strike 3-1: Foul Ball, location: 2F 3-2: Foul Ball, location: 2F 3-2: Base on Balls
|
|
Pinch Hitting: RHB Hugo Zacarias
|
0-0: Ball 1-0: Ball 2-0: Ball 3-0: Base on Balls Yutaka Oki to third Jim Zucco to second
|
|
Pinch Hitting: RHB Jason Gress
|
0-0: SINGLE (Line Drive, 34D, EV 107.5 MPH) Yutaka Oki scores Jim Zucco to third Hugo Zacarias to second Runner from 3rd tries for Home, SAFE, throw by RF to home
|
|
Pinch Hitting: SHB Ken Welch
|
0-0: Called Strike 0-1: Swinging Strike 0-2: Ball 1-2: Foul Ball, location: 2F 1-2: Ball 2-2: Strikes out swinging
|
| Top of the 7th over - 2 runs, 2 hits, 0 errors, 2 left on base; San Francisco 5 - Atlanta 1 |
| BOTTOM OF THE 7TH |
|
Atlanta Braves batting - Pitching for San Francisco Giants : RHP Allen Vesey
|
|
Pitching: RHP Jorge Sosa
|
|
|
Now at 1B: Jason Spradling
|
|
|
Now at 2B: Jason Gress
|
|
|
Now at SS: Henri Cederberg
|
|
|
Now in LF: Hugo Zacarias
|
|
|
Now in CF: Yutaka Oki
|
|
|
Batting: RHB Kanehisa Kubo
|
0-0: Called Strike 0-1: Foul Ball, location: 2F 0-2: Foul Ball, location: 2F 0-2: Ball 1-2: Ball 2-2: Ball 3-2: Base on Balls
|
|
Batting: LHB Otte Klijnsma
|
0-0: Ball 1-0: Foul Ball, location: 2F 1-1: Foul Ball, location: 2F 1-2: Ball 2-2: Foul Ball, location: 2F 2-2: Fielders Choice at 2nd, 1-6 (Groundball, 13S, EV 62.5 MPH)
|
|
Batting: RHB Itsuo Egami
|
0-0: Called Strike 0-1: Foul Ball, location: 2F 0-2: Ball 1-2: Ball 2-2: Fielders Choice at 2nd, 2-6 (Groundball, 2R, EV 73.8 MPH)
|
|
Pinch Hitting: LHB Davey Schonewille
|
0-0: Ball 1-0: Called Strike 1-1: Ball 2-1: Ball 3-1: Foul Ball, location: 2F 3-2: Foul Ball, location: 2F 3-2: Foul Ball, location: 2F 3-2: Base on Balls Itsuo Egami to second
|
|
Batting: RHB Jeckel Hester
|
0-0: Called Strike 0-1: Fly out, F6 (Line Drive, 6, EV 62.5 MPH)
|
| Bottom of the 7th over - 0 runs, 0 hits, 0 errors, 2 left on base; San Francisco 5 - Atlanta 1 |
| TOP OF THE 8TH |
|
San Francisco Giants batting - Pitching for Atlanta Braves : RHP Brent Garland
|
|
Pitching: RHP Charles Hewson
|
|
|
Now in CF: Davey Schonewille
|
|
|
Batting: RHB Ray Llewellyn
|
0-0: Called Strike 0-1: Called Strike 0-2: Strikes out swinging
|
|
Pinch Hitting: LHB Fred Arends
|
0-0: Called Strike 0-1: Ball 1-1: Swinging Strike 1-2: Ball 2-2: Ball 3-2: Foul Ball, location: 2F 3-2: Base on Balls
|
|
Pinch Hitting: RHB Quintin Parker
|
0-0: SINGLE (Flyball, 6D, EV 96.9 MPH) Fred Arends to second
|
|
Batting: RHB Yutaka Oki
|
0-0: Foul Ball, location: 2F 0-1: Ball 1-1: Foul Ball, location: 2F 1-2: Ball 2-2: Foul Ball, location: 2F 2-2: Ball 3-2: Foul Ball, location: 2F 3-2: SINGLE (Groundball, P, EV 83.8 MPH) (infield hit) Fred Arends to third Quintin Parker to second
|
|
Batting: RHB Henri Cederberg
|
0-0: Called Strike 0-1: Ball 1-1: Swinging Strike 1-2: Foul Ball, location: 2F 1-2: Strikes out swinging
|
|
Batting: RHB Jim Zucco
|
0-0: Ball 1-0: Called Strike 1-1: Called Strike 1-2: Strikes out swinging
|
| Top of the 8th over - 0 runs, 2 hits, 0 errors, 3 left on base; San Francisco 5 - Atlanta 1 |
| BOTTOM OF THE 8TH |
|
Atlanta Braves batting - Pitching for San Francisco Giants : RHP Jorge Sosa
|
|
Now at 1B: Quintin Parker
|
|
|
Now at 3B: Jason Spradling
|
|
|
Now in RF: Fred Arends
|
|
|
Pinch Hitting: RHB Zach Thomason
|
0-0: Ball 1-0: Ball 2-0: Ground out 5-3 (Groundball, 56S, EV 90.0 MPH)
|
|
Batting: RHB Butch Kaiser
|
0-0: Ball 1-0: SINGLE (Line Drive, 6MD, EV 103.8 MPH)
|
|
Pinch Hitting: RHB Jake Lang
|
0-0: Ball 1-0: Called Strike 1-1: Foul Ball, location: 2F 1-2: Strikes out looking
|
|
Batting: LHB Tom Best
|
0-0: Foul Ball, location: 2F 0-1: Ball 1-1: Foul Ball, location: 2F 1-2: Fly out, F9 (Flyball, 9S, EV 76.3 MPH)
|
| Bottom of the 8th over - 0 runs, 1 hit, 0 errors, 1 left on base; San Francisco 5 - Atlanta 1 |
| TOP OF THE 9TH |
|
San Francisco Giants batting - Pitching for Atlanta Braves : RHP Charles Hewson
|
|
Pitching: RHP Tony Castellanos
|
|
|
Now at 2B: Jeckel Hester
|
|
|
Now at 3B: Zach Thomason
|
|
|
Now at SS: Itsuo Egami
|
|
|
Now in RF: Jake Lang
|
|
|
Batting: RHB Hugo Zacarias
|
0-0: Ball 1-0: Ball 2-0: Called Strike 2-1: Foul Ball, location: 2F 2-2: Foul Ball, location: 2F 2-2: Strikes out swinging
|
|
Batting: RHB Jason Gress
|
0-0: Called Strike 0-1: Ball 1-1: Fly out, F5 (Popup, 5L, EV 74.4 MPH)
|
|
Batting: SHB Jason Spradling
|
0-0: Ball 1-0: Ground out 5-3 (Groundball, 5L, EV 82.5 MPH)
|
| Top of the 9th over - 0 runs, 0 hits, 0 errors, 0 left on base; San Francisco 5 - Atlanta 1 |
| BOTTOM OF THE 9TH |
|
Atlanta Braves batting - Pitching for San Francisco Giants : RHP Jorge Sosa
|
|
Pitching: RHP Roberto Duron
|
|
|
Pinch Hitting: RHB John Creel
|
0-0: Called Strike 0-1: Ball 1-1: Ball 2-1: Foul Ball, location: 2F 2-2: SINGLE (Groundball, 4MS, EV 69.4 MPH) (infield hit)
|
|
Batting: RHB Jesse Lester
|
0-0: Foul Ball, location: 2F 0-1: Called Strike 0-2: Strikes out looking
|
|
Batting: RHB Itsuo Egami
|
0-0: Called Strike 0-1: Ball 1-1: SINGLE (Line Drive, 7S, EV 101.9 MPH) John Creel to second
|
|
Pitching: RHP Borisz Barciniak
|
|
|
Batting: LHB Davey Schonewille
|
0-0: SINGLE (Groundball, 3D, EV 96.9 MPH) John Creel to third Itsuo Egami to second
|
|
Batting: RHB Jeckel Hester
|
0-0: Called Strike 0-1: Called Strike 0-2: Strikes out swinging
|
|
Batting: RHB Zach Thomason
|
0-0: Ball 1-0: Ball 2-0: Called Strike 2-1: Foul Ball, location: 2F 2-2: Foul Ball, location: 2F 2-2: Ball 3-2: SINGLE (Flyball, 78M, EV 94.4 MPH) John Creel scores Itsuo Egami to third Davey Schonewille to second Itsuo Egami scores Davey Schonewille to third
|
|
Batting: RHB Butch Kaiser
|
0-0: Fly out, F8 (Line Drive, 8RD, EV 83.1 MPH)
|
| Bottom of the 9th over - 2 runs, 4 hits, 0 errors, 2 left on base; San Francisco 5 - Atlanta 3 |
|